 Dungeon Crawl Stone Soup version 0.30-a0-989-g0d87f670db (webtiles) character file.

Game seed: 4185588457155971449

1043 bmack86 the Chopper (level 8, -2/70 HPs)
             Began as a Minotaur Fighter on Apr 3, 2023.
             Was a Follower of Okawaru.
             Slain by Menkaure (9 damage)
             ... on level 7 of the Dungeon.
             The game lasted 00:11:23 (4507 turns).

bmack86 the Chopper (Minotaur Fighter)              Turns: 4507, Time: 00:11:23

Health: -2/70      AC: 16    Str: 23    XL:     8   Next: 4%
Magic:  8/8        EV:  5    Int:  5    God:    Okawaru [*.....]
Gold:   350        SH: 10    Dex: 10    Spells: 7/7 levels left

rFire   + . .      SeeInvis .    a - +0 war axe
rCold   + . .      Faith    .    A - +1 kite shield {rC+}
rNeg    . . .      Spirit   .    w - +0 plate armour
rPois   .          Reflect  .    (helmet restricted)
rElec   .          Rampage  .    p - +0 cloak
rCorr   .                        l - +1 pair of gloves
Will    .....                    (no boots) Stlth
                                 m - amulet of regeneration
HPRegen 1.11/turn                y - ring of protection from fire
MPRegen 0.11/turn                (no ring)

@: no status effects
A: horns 2, retaliatory headbutt
a: Renounce Religion, Heroism


You were on level 7 of the Dungeon.
You worshipped Okawaru.
Okawaru was aware of your devotion.
You visited 2 branches of the dungeon, and saw 8 of its levels.

You collected 350 gold pieces.

Inventory:

Hand Weapons
 a - a +0 war axe (weapon)
Missiles
 f - 12 poisoned darts
 h - 6 boomerangs (quivered)
Armour
 l - a +1 pair of gloves (worn)
 p - a +0 cloak (worn)
 w - a +0 plate armour (worn)
 A - a +1 kite shield of cold resistance (worn)
Jewellery
 m - an amulet of regeneration (around neck)
 o - an amulet of magic regeneration
 y - a ring of protection from fire (left hand)
Wands
 r - a wand of light (8)
Scrolls
 c - 2 scrolls of enchant weapon {unknown}
 d - a scroll of vulnerability
 g - 2 scrolls of noise
 j - 3 scrolls of teleportation
 k - a scroll of silence
 t - 3 scrolls of summoning
 u - a scroll of torment {unknown}
 z - a scroll of fog
 B - a scroll of amnesia
Potions
 b - a potion of might
 e - 2 potions of mutation
 i - a potion of attraction
 n - 3 potions of curing
 q - 2 potions of magic
 s - 3 potions of flight
 v - 2 potions of brilliance {unknown}
 x - a potion of resistance {unknown}


   Skills:
 + Level 5.8 Fighting
 * Level 6.7 Axes
 + Level 3.2 Throwing
 + Level 5.6 Armour
 + Level 5.6 Shields
 + Level 2.1 Invocations


You had 7 spell levels left.
You didn't know any spells.
Your spell library contained the following spells:

 Spells                   Type           Power      Damage    Failure   Level
 Blink                    Tloc           0%         N/A       100%        2
 Ozocubu's Armour         Ice            0%         N/A       100%        3
 Manifold Assault         Tloc           0%         N/A       100%        4
 Ozocubu's Refrigeration  Ice            0%         4d7       100%        7
 Storm Form               Tmut/Air       0%         N/A       100%        7


Dungeon Overview and Level Annotations

Branches:
Dungeon (7/15)             Temple (1/1) D:4

Altars:
Dithmenos
Elyvilon
Fedhas
Gozag
Hepliaklqana
Kikubaaqudgha
Makhleb
Okawaru
Qazlal
Trog
Uskayaw
Xom
Yredelemnul
Zin
The Shining One

Annotations:
D:7 Menkaure


Innate Abilities, Weirdness & Mutations

You have a pair of horns on your head.
You reflexively headbutt those who attack you in melee.


Message History

You kill the water moccasin!
Okawaru accepts your kill.
Your Invocations skill increases to level 2!
You have reached level 8!
You feel agile.
You completely miss the orc warrior.
You headbutt the orc warrior, but do no damage.
The orc warrior is heavily wounded.
The orc warrior hits you with a +0 flail!
* * * LOW HITPOINT WARNING * * *
You hit the orc warrior.
The orc warrior is heavily wounded.
Menkaure shouts, "The sands of time shall wipe you from history!"
You block the orc warrior's attack. x2
Unknown command.
You completely miss the orc warrior.
The orc warrior is heavily wounded.
Menkaure calls on the powers of darkness!
The orc warrior convulses!
Your body is wracked with pain!
* * * LOW HITPOINT WARNING * * *
The orc warrior hits you with a +0 flail.
* * * LOW HITPOINT WARNING * * *
You hit the orc warrior but do no damage.
The orc warrior is severely wounded.
The orc warrior hits you but does no damage.
Menkaure blazes with dark energy!
Unknown command.
You hit the orc warrior. Your headbutt misses the orc warrior.
The orc warrior is almost dead.
You block the orc warrior's attack.
The orc warrior hits you with a +0 flail!
* * * LOW HITPOINT WARNING * * *
You hit the orc warrior.
You kill the orc warrior!
Okawaru accepts your kill.
Unknown command.
You slash Menkaure!
Menkaure is moderately damaged.
Menkaure hits you!
You die...

..# ## ..# #. ...
###.## #.# ....# #.#
#..# #.# #.###
#..###)###.###
#...###.....@M......
#............###.##.
#...###..##### #..#
#..# #..# #..#######
#..####.........
#......[.#######
##†#####.# #.# #...#


You could see Menkaure (fast).

Vanquished Creatures
  A water moccasin (D:7)
  A sky beast (D:6)
  An orc warrior (D:7)
  A black bear (D:3)
  A scorpion (D:5)
  3 hounds (D:6)
  5 orc priests
  A gnoll bouda (D:5)
  Jessica (D:3)
  3 iguanas
  2 orc wizards (D:4)
  7 gnolls
  8 adders
  An ufetubus (D:6)
  4 worms
  5 dart slugs
  21 orcs
  2 ball pythons
  7 endoplasms
  3 giant cockroaches (D:3)
  14 goblins
  3 hobgoblins (D:2)
  3 quokkas
  5 bats
  5 frilled lizards
  8 kobolds
  4 rats
120 creatures vanquished.

Notes
Turn   | Place    | Note
-------+----------+-------------------------------------------
     0 | D:1      | bmack86 the Minotaur Fighter began the quest for the Orb.
     0 | D:1      | Reached XP level 1. HP: 19/19 MP: 0/0
   117 | D:1      | Reached XP level 2. HP: 27/27 MP: 1/1
   261 | D:1      | Reached skill level 3 in Axes
   324 | D:1      | Found a faded altar of an unknown god.
   611 | D:2      | Identified the +2 robe "Lim Lug" {Regen+ Stlth+}
   642 | D:2      | Reached XP level 3. HP: 33/33 MP: 2/2
   837 | D:2      | Reached skill level 1 in Throwing
  1064 | D:2      | Reached XP level 4. HP: 40/40 MP: 3/3
  1188 | D:3      | Noticed Jessica
  1192 | D:3      | Killed Jessica
  1202 | D:3      | Identified the +3 leather armour "Nozalal" {Harm Drain
                  | Str+7}
  1242 | D:3      | Reached skill level 4 in Axes
  1256 | D:3      | Noticed a black bear
  1258 | D:3      | Killed a black bear
  1259 | D:3      | Reached XP level 5. HP: 39/47 MP: 4/4
  1375 | D:3      | Found an ancient bone altar of Kikubaaqudgha.
  2069 | D:4      | Reached XP level 6. HP: 8/55 MP: 5/5
  2202 | D:4      | Reached skill level 5 in Axes
  2341 | D:4      | Reached skill level 5 in Fighting
  2358 | D:4      | Found a staircase to the Ecumenical Temple.
  2417 | Temple   | Entered the Ecumenical Temple
  2522 | Temple   | Became a worshipper of Warmaster Okawaru
  2685 | D:4      | Reached skill level 5 in Armour
  2814 | D:5      | Entered Level 5 of the Dungeon
  2915 | D:5      | Reached skill level 5 in Shields
  2915 | D:5      | Reached XP level 7. HP: 43/61 MP: 6/6
  2973 | D:5      | Reached skill level 1 in Invocations
  3347 | D:5      | Reached skill level 6 in Axes
  3976 | D:6      | Reached * piety under Okawaru
  4495 | D:7      | Noticed Menkaure
  4501 | D:7      | Reached XP level 8. HP: 24/70 MP: 8/8
  4507 | D:7      | Slain by Menkaure

Illustrated notes

Levels and vault maps discovered:
D:1:      spicycebolla_green_bress_n_ham, layout_loops_ring,
          hellmonk_ecumenical_altar_pennies_from_heaven, minivault_14
D:2:      layout_basic, minmay_pentomino_u2
D:3:      layout_loops_ring, mainiacjoe_overflow_cross_hatched, st_stairs_2,
          minivault_14, nrook_mini_vaults, uniq_jessica
D:4:      layout_rooms, minmay_temple_entry_poolview
D:5:      layout_basic
D:6:      layout_basic, dreamdust_gnoll_farm
D:7:      kennysheep_seaside_town, layout_loops_ring, uniq_menkaure
Temple:   minmay_crystal_spiral_temple

Skill      XL: |  1  2  3  4  5  6  7 |
---------------+----------------------+-----
Axes           | 3 4 5 6 |  6.7
Fighting       | 4 5 |  5.8
Armour         | 4 5 |  5.6
Shields        | 4 5 |  5.6
Throwing       | 1 2 3 |  3.2
Invocations    | 2 |  2.1

Action                     |  1- 3 |  4- 6 |  7- 9 || total
---------------------------+-------+-------+-------++-------
  Melee: War axe           |    61 |   109 |    97 ||   267
         Headbutt          |     7 |    22 |     9 ||    38
  Throw: Dart              |     2 |       |       ||     2
         Boomerang         |    13 |     8 |     4 ||    25
    Use: Scroll            |     3 |     9 |     2 ||    14
         Potion            |       |     1 |       ||     1
 Armour: Scale mail        |    38 |    63 |     3 ||   104
         Plate armour      |       |       |    56 ||    56
  Dodge: Dodged            |    25 |    39 |    21 ||    85
  Block: Buckler           |    15 |    21 |     4 ||    40
         Kite shield       |       |       |    48 ||    48

Table legend: (Time is in decaauts)
 A = Elapsed time spent in this place.
 B = Non-inter-level travel time spent in this place.
 C = Inter-level travel time spent in this place.
 D = Time resting spent in this place.
 E = Time spent auto-exploring this place.
 F = Levels seen in this place.
 G = Mean time per level.
                   A        B        C        D        E       F      G
               +--------+--------+--------+--------+--------+-----+--------+
         Total |   4602 |   4379 |    223 |     43 |   3109 |   8 |  575.2 |
       Dungeon |   4426 |   4272 |    154 |     43 |   3019 |   7 |  632.3 |
        Temple |    175 |    106 |     69 |      0 |     90 |   1 |  175.0 |
               +--------+--------+--------+--------+--------+-----+--------+

Top non-repeatable levels by time:
     D:5: 951 daAuts
     D:3: 871 daAuts
     D:6: 701 daAuts
     D:4: 616 daAuts
     D:2: 613 daAuts
     D:1: 597 daAuts
  Temple: 175 daAuts
     D:7: 73 daAuts
